Canadiens vs Sharks
Created - April 19, 2018 at 19:06
Goals
|
| Canadiens |
0 |
1 |
2 |
3 |
| Sharks |
1 |
0 |
0 |
1 |
|
Shots
|
| Canadiens |
9 |
7 |
12 |
28 |
| Sharks |
10 |
13 |
5 |
28 |
|
1st period
1. Sharks , Nick Palmieri 16 (Kevin Shattenkirk 69, Pavel Datsyuk 53) at 19:32
Penalties :
Adam Pardy (Mon) for Holding (Minor) at 1:24, Dennis Wideman (Mon) for Slashing (Minor) at 7:42, David Legwand (SJS) for Interference (Minor) at 19:49, Joe Pavelski (Mon) for Hooking (Minor) at 19:53
2nd period
2. Canadiens , Sidney Crosby 50 (Luke Schenn 31) at 16:27
Penalties :
Greg Stewart (Mon) for Roughing (Minor) at 9:49, Damien Brunner (SJS) for Slashing (Minor) at 13:56
3rd period
3. Canadiens , Sidney Crosby 51 (Joe Pavelski 36) at 0:08
4. Canadiens , Joe Pavelski 35 (Adam Pardy 11) at 19:23
Penalties :
Luke Schenn (Mon) for Hooking (Minor) at 5:12, Erik Cole (SJS) for Hooking (Minor) at 8:02
Goalie Stats
Jonathan Bernier (Mon), 27 saves from 28 shots - (0.964), W, 37-23-2, 60:00 minutes
Tyler Weiman (SJS), 25 saves from 28 shots - (0.893), L, 14-21-4, 60:00 minutes
Players Stats for Canadiens
Player Name G A P +/- PIM S H SB GA TA FO MP PP MP PK MP
------------------------------------------------------------------------------------
Adam Pardy 0 1 1 0 2 0 2 1 1 1 0/0 18:54 1:52 4:35
Andrew Ebbett 0 0 0 0 0 0 0 0 0 0 2/6 9:42 0:00 1:14
Brett Maclean 0 0 0 -1 0 1 0 1 0 1 0/0 10:08 0:00 0:00
Cal Clutterbuck 0 0 0 -1 0 1 3 0 0 0 1/1 17:17 0:16 4:36
David Jones 0 0 0 0 0 2 0 0 1 0 1/1 11:48 0:00 2:22
Dennis Wideman 0 0 0 2 2 3 2 0 0 1 0/0 23:08 1:26 3:12
Dustin Boyd 0 0 0 -1 0 0 0 0 0 1 1/3 13:00 2:01 0:00
Evgeny Dadonov 0 0 0 0 0 1 1 0 0 0 0/1 15:19 2:01 0:03
Greg Stewart 0 0 0 0 2 0 3 0 1 0 0/0 15:40 1:51 0:59
Jason Spezza 0 0 0 0 0 1 2 1 0 0 5/12 13:17 1:08 2:25
Joe Pavelski 1 1 2 3 2 8 3 1 0 0 0/2 17:19 2:00 0:00
Karl Alzner 0 0 0 0 0 1 2 1 1 0 0/0 19:16 0:00 2:39
Ladislav Nagy 0 0 0 0 0 0 0 0 0 0 0/0 7:40 0:00 0:00
Luke Schenn 0 1 1 3 2 3 4 1 0 0 0/0 24:37 2:36 3:34
Patrick Sharp 0 0 0 3 0 1 0 0 3 0 2/4 18:47 1:55 1:56
Sidney Crosby 2 0 2 3 0 6 1 1 0 1 9/25 20:38 2:01 2:25
Vitaly Vishnevsky 0 0 0 0 0 0 1 1 0 0 0/0 18:58 0:00 1:43
Wes O'Neill 0 0 0 -1 0 0 2 1 1 0 0/0 14:32 1:02 0:17
Players Stats for Sharks
Player Name G A P +/- PIM S H SB GA TA FO MP PP MP PK MP
------------------------------------------------------------------------------------
Andrej Sekera 0 0 0 0 0 0 1 0 0 1 0/0 18:17 2:54 1:56
Chris Campoli 0 0 0 0 0 0 0 0 0 2 0/0 16:37 2:54 0:00
Damien Brunner 0 0 0 0 2 2 1 0 0 1 0/1 12:22 0:46 0:51
David Legwand 0 0 0 -3 2 6 0 1 0 0 19/27 20:05 3:35 1:51
Erik Cole 0 0 0 0 2 0 1 0 0 0 0/0 12:25 0:46 1:02
Frans Nielsen 0 0 0 0 0 0 0 1 0 0 3/5 12:01 0:10 1:44
Jiri Tlusty 0 0 0 0 0 1 0 0 0 0 0/0 7:59 0:01 0:00
Kevin Shattenkirk 0 1 1 -2 0 2 6 0 1 0 0/0 28:09 5:06 2:06
Mark Giordano 0 0 0 0 0 1 3 1 0 0 0/0 13:34 0:00 0:00
Mark Stuart 0 0 0 -2 0 2 2 0 0 1 0/0 28:09 5:06 2:06
Maxim Afinogenov 0 0 0 -3 0 2 1 2 2 0 0/1 18:25 3:31 0:22
Maxim Kondratiev 0 0 0 0 0 0 1 2 0 0 0/0 15:14 0:00 1:56
Nick Palmieri 1 0 1 1 0 4 1 0 1 0 0/0 16:50 3:38 0:00
Oskar Osala 0 0 0 0 0 2 0 1 0 0 0/0 7:59 0:01 0:00
Pavel Datsyuk 0 1 1 1 0 1 3 0 0 0 8/13 18:56 3:42 0:17
Ryane Clowe 0 0 0 1 0 1 2 0 0 0 2/2 19:02 3:38 1:34
T.J. Hensick 0 0 0 0 0 0 0 1 1 1 1/4 9:30 0:41 0:00
Ted Purcell 0 0 0 -3 0 4 2 1 0 2 1/2 18:26 3:31 0:23
3 Stars
1 - Sidney Crosby (Mon)
2 - Joe Pavelski (Mon)
3 - Jonathan Bernier (Mon)
Power Play
Canadiens - 0 on 3 Attempt(s) - 0.00%
Sharks - 0 on 5 Attempt(s) - 0.00%
Penalty Kill
Canadiens - 5 on 5 Attempt(s) - 100.00%
- Score 0 goal in Penalty Kill
Sharks - 3 on 3 Attempt(s) - 100.00%
- Score 0 goal in Penalty Kill
Team Stat
Canadiens - Hits : 26 - Faceoff Wins : 21 - Blocked Shots : 9 - Penalty Minutes : 10
Sharks - Hits : 24 - Faceoff Wins : 34 - Blocked Shots : 10 - Penalty Minutes : 6
Official
Referees : Rooney Chris and Meier Brad
Linesman : Mark Shewchyk and Mark Wheler
Game Notes
Jason Spezza is injured at 18:37 of 2nd period (Sprained Left Ankle)
Finance
Level 1 -- Attendance: 4874 (81.23%) -- Ticket Income $463,030
Level 2 -- Attendance: 3747 (74.94%) -- Ticket Income $243,555
Level 3 -- Attendance: 1315 (65.75%) -- Ticket Income $59,175
Level 4 -- Attendance: 3577 (89.43%) -- Ticket Income $89,425
Luxury Box -- Attendance: 650 (65.00%) -- Ticket Income $120,250
Game was played at the Hockey Place Center.
Total Attendance: 14163 (78.68%)
Total Ticket Income: $975,435
Other Income: $146,315
Total Income: $1,121,750
Canadiens
5 vs 5 Forward
Center Left Wing Right Wing Time % Phy DF OF
1 Sidney Crosby Patrick Sharp Joe Pavelski 40 1 2 2
2 Jason Spezza Greg Stewart Evgeny Dadonov 30 1 2 2
3 Dustin Boyd Brett Maclean Cal Clutterbuck 20 1 2 2
4 Andrew Ebbett Ladislav Nagy David Jones 10 1 2 2
5 vs 5 Defense
Defense Defense Time % Phy DF OF
1 Luke Schenn Dennis Wideman 40 1 2 2
2 Vitaly Vishnevsky Karl Alzner 30 1 2 2
3 Wes O'Neill Adam Pardy 20 1 2 2
4 Luke Schenn Dennis Wideman 10 1 2 2
PowerPlay Forward
Center Left Wing Right Wing Time % Phy DF OF
1 Sidney Crosby Patrick Sharp Joe Pavelski 60 1 2 2
2 Dustin Boyd Greg Stewart Evgeny Dadonov 40 1 2 2
PowerPlay Defense
Defense Defense Time % Phy DF OF
1 Luke Schenn Jason Spezza 60 1 2 2
2 Adam Pardy Dennis Wideman 40 1 2 2
Penalty Kill 4 Players Forward
Center Wing Time % Phy DF OF
1 Jason Spezza Cal Clutterbuck 60 1 2 2
2 Sidney Crosby David Jones 40 1 2 2
Penalty Kill 4 Players Defense
Defense Defense Time % Phy DF OF
1 Luke Schenn Adam Pardy 60 1 2 2
2 Dennis Wideman Karl Alzner 40 1 2 2
Penalty Kill - 3 Players Forward
Forward Time % Phy DF OF
1 Sidney Crosby 60 1 2 2
2 Jason Spezza 40 1 2 2
Penalty Kill - 3 Players Defense
Defense Defense Time % Phy DF OF
1 Luke Schenn Adam Pardy 60 1 2 2
2 Dennis Wideman Karl Alzner 40 1 2 2
4 vs 4 Forward
Center Wing Time % Phy DF OF
1 Sidney Crosby Evgeny Dadonov 60 1 2 2
2 Jason Spezza Joe Pavelski 40 1 2 2
4 vs 4 Defense
Defense Defense Time % Phy DF OF
1 Luke Schenn Dennis Wideman 60 1 2 2
2 Adam Pardy Karl Alzner 40 1 2 2
Last Minutes Offensive
Center Left Wing Right Wing Defense Defense
Sidney Crosby Patrick Sharp Joe Pavelski Luke Schenn Dennis Wideman
Last Minutes Defensive
Center Left Wing Right Wing Defense Defense
Sidney Crosby Patrick Sharp Joe Pavelski Luke Schenn Adam Pardy
Goaltenders
Starting : Jonathan Bernier
Backup : Mikael Tellqvist
Extra Forwards
Normal : Cal Clutterbuck, Dustin Boyd, David Jones - PP : Cal Clutterbuck, David Jones - PK : Patrick Sharp
Extra Defensemen
Normal : Wes O'Neill, Adam Pardy, Luke Schenn - PP : Wes O'Neill - PK : Adam Pardy, Luke Schenn
Penalty Shots
Sidney Crosby, Jason Spezza, Joe Pavelski, Patrick Sharp, Greg Stewart
Scratches
Marcel Goc (Healthy)
Sharks
5 vs 5 Forward
Center Left Wing Right Wing Time % Phy DF OF
1 David Legwand Ted Purcell Maxim Afinogenov 40 1 2 2
2 Pavel Datsyuk Ryane Clowe Nick Palmieri 30 1 2 2
3 Frans Nielsen Erik Cole Damien Brunner 20 1 2 2
4 T.J. Hensick Oskar Osala Jiri Tlusty 10 1 2 2
5 vs 5 Defense
Defense Defense Time % Phy DF OF
1 Kevin Shattenkirk Mark Stuart 40 1 2 2
2 Andrej Sekera Chris Campoli 30 1 2 2
3 Maxim Kondratiev Mark Giordano 20 1 2 2
4 Kevin Shattenkirk Mark Stuart 10 1 2 2
PowerPlay Forward
Center Left Wing Right Wing Time % Phy DF OF
1 David Legwand Ted Purcell Maxim Afinogenov 60 1 2 2
2 Pavel Datsyuk Ryane Clowe Nick Palmieri 40 1 2 2
PowerPlay Defense
Defense Defense Time % Phy DF OF
1 Kevin Shattenkirk Mark Stuart 60 1 2 2
2 Andrej Sekera Chris Campoli 40 1 2 2
Penalty Kill 4 Players Forward
Center Wing Time % Phy DF OF
1 David Legwand Erik Cole 60 1 2 2
2 Frans Nielsen Maxim Afinogenov 40 1 2 2
Penalty Kill 4 Players Defense
Defense Defense Time % Phy DF OF
1 Kevin Shattenkirk Mark Stuart 60 1 2 2
2 Andrej Sekera Maxim Kondratiev 40 1 2 2
Penalty Kill - 3 Players Forward
Forward Time % Phy DF OF
1 Erik Cole 60 1 2 2
2 Pavel Datsyuk 40 1 2 2
Penalty Kill - 3 Players Defense
Defense Defense Time % Phy DF OF
1 Kevin Shattenkirk Mark Stuart 60 1 2 2
2 Andrej Sekera Maxim Kondratiev 40 1 2 2
4 vs 4 Forward
Center Wing Time % Phy DF OF
1 David Legwand Pavel Datsyuk 60 1 2 2
2 Frans Nielsen Maxim Afinogenov 40 1 2 2
4 vs 4 Defense
Defense Defense Time % Phy DF OF
1 Kevin Shattenkirk Mark Stuart 60 1 2 2
2 Andrej Sekera Chris Campoli 40 1 2 2
Last Minutes Offensive
Center Left Wing Right Wing Defense Defense
David Legwand Ted Purcell Maxim Afinogenov Kevin Shattenkirk Mark Stuart
Last Minutes Defensive
Center Left Wing Right Wing Defense Defense
David Legwand Ted Purcell Maxim Afinogenov Maxim Kondratiev Mark Stuart
Goaltenders
Starting : Tyler Weiman
Backup : Brent Krahn
Extra Forwards
Normal : T.J. Hensick, Erik Cole, Damien Brunner - PP : T.J. Hensick, Erik Cole - PK : Damien Brunner
Extra Defensemen
Normal : Maxim Kondratiev, Mark Giordano, Andrej Sekera - PP : Maxim Kondratiev - PK : Mark Giordano, Andrej Sekera
Penalty Shots
David Legwand, Pavel Datsyuk, Frans Nielsen, Maxim Afinogenov, Ted Purcell
Scratches
Martin Erat (Healthy), Patrik Elias (Healthy), Rob Schremp (Healthy), Brendon Nash (Healthy), Justin Pogge (Healthy)
% Time on Ice - Canadiens
Lines # - Real PCT - Wanted PCT - Time Play
Normal Forward
1 - 33% - 40% - 15:00
2 - 29% - 30% - 13:05
3 - 22% - 20% - 10:08
4 - 16% - 10% - 7:12
Normal Defense
1 - 37% - 40% - 16:39
2 - 34% - 30% - 15:30
3 - 26% - 20% - 11:59
4 - 3% - 10% - 1:17
PP Forward
1 - 50% - 60% - 2:01
2 - 50% - 40% - 2:01
PP Defense
1 - 77% - 60% - 3:07
2 - 23% - 40% - 0:55
PK Forward
1 - 70% - 60% - 5:38
2 - 30% - 40% - 2:22
PK Defense
1 - 69% - 60% - 5:32
2 - 31% - 40% - 2:28
PK3 Forward
1 - 0% - 60%
2 - 0% - 40%
PK3 Defense
1 - 0% - 60%
2 - 0% - 40%
44 Forward
1 - 69% - 60% - 1:19
2 - 31% - 40% - 0:36
44 Defense
1 - 64% - 60% - 1:14
2 - 36% - 40% - 0:41
Last Minute Offensive - 0:00
Last Minute Defensive - 0:38
Total
Forward - 60:00
Defense - 60:00
|
% Time on Ice - Sharks
Lines # - Real PCT - Wanted PCT - Time Play
Normal Forward
1 - 32% - 40% - 14:45
2 - 29% - 30% - 13:12
3 - 22% - 20% - 9:47
4 - 17% - 10% - 7:40
Normal Defense
1 - 40% - 40% - 18:01
2 - 30% - 30% - 13:26
3 - 28% - 20% - 12:54
4 - 2% - 10% - 1:03
PP Forward
1 - 55% - 60% - 4:22
2 - 45% - 40% - 3:38
PP Defense
1 - 64% - 60% - 5:06
2 - 36% - 40% - 2:54
PK Forward
1 - 91% - 60% - 3:40
2 - 9% - 40% - 0:22
PK Defense
1 - 52% - 60% - 2:06
2 - 48% - 40% - 1:56
PK3 Forward
1 - 0% - 60%
2 - 0% - 40%
PK3 Defense
1 - 0% - 60%
2 - 0% - 40%
44 Forward
1 - 100% - 60% - 1:55
2 - 0% - 40% - 0:00
44 Defense
1 - 64% - 60% - 1:14
2 - 36% - 40% - 0:41
Last Minute Offensive - 0:39
Last Minute Defensive - 0:00
Total
Forward - 60:00
Defense - 60:00
|
Play by Play
1st period
0:01 of 1st period - David Legwand wins face-off versus Joe Pavelski in neutral zone.
0:31 of 1st period - Snap shot by Pavel Datsyuk.
0:31 of 1st period - Stopped by Jonathan Bernier with a rebound.
0:49 of 1st period - Snap shot by Cal Clutterbuck.
0:49 of 1st period - Shot Misses the Net.
1:24 of 1st period - Minor Penalty to Adam Pardy for Holding.
1:25 of 1st period - David Legwand wins face-off versus Jason Spezza in Canadiens zone.
3:15 of 1st period - Icing by Ryane Clowe.
3:16 of 1st period - Pavel Datsyuk wins face-off versus Sidney Crosby in Sharks zone.
3:24 of 1st period - Penalty to Adam Pardy is over, Adam Pardy is back on ice.
4:10 of 1st period - Wrist shot by Ted Purcell.
4:10 of 1st period - Shot Misses the Net.
4:50 of 1st period - Slapshot by Jiri Tlusty.
4:50 of 1st period - Stopped by Jonathan Bernier without a rebound.
4:51 of 1st period - Dustin Boyd wins face-off versus T.J. Hensick in Canadiens zone.
5:01 of 1st period - Luke Schenn is hit by Kevin Shattenkirk.
5:50 of 1st period - Snap shot by T.J. Hensick.
5:50 of 1st period - Deflect By Oskar Osala.
5:50 of 1st period - Shot Misses the Net.
5:50 of 1st period - Puck is out of play.
5:51 of 1st period - Sidney Crosby wins face-off versus David Legwand in Canadiens zone.
6:00 of 1st period - Wrist shot by Maxim Afinogenov.
6:00 of 1st period - Shot Blocked by Vitaly Vishnevsky.
6:02 of 1st period - Slapshot by Kevin Shattenkirk.
6:02 of 1st period - Deflect By Ted Purcell.
6:02 of 1st period - Stopped by Jonathan Bernier with a rebound.
6:04 of 1st period - Slapshot by Mark Stuart.
6:04 of 1st period - Shot Blocked by Karl Alzner.
7:19 of 1st period - Wrist shot by Sidney Crosby.
7:19 of 1st period - Deflect By Chris Campoli.
7:19 of 1st period - Stopped by Tyler Weiman without a rebound.
7:20 of 1st period - Ryane Clowe wins face-off versus Sidney Crosby in Sharks zone.
7:20 of 1st period - Ryane Clowe is hit by Dennis Wideman.
7:42 of 1st period - Minor Penalty to Dennis Wideman for Slashing.
7:43 of 1st period - David Legwand wins face-off versus Jason Spezza in Canadiens zone.
8:28 of 1st period - Icing by Ryane Clowe.
8:29 of 1st period - Pavel Datsyuk wins face-off versus Jason Spezza in Sharks zone.
8:45 of 1st period - Cal Clutterbuck is hit by Kevin Shattenkirk and loses puck.
8:56 of 1st period - Nick Palmieri is hit by Adam Pardy.
9:42 of 1st period - Penalty to Dennis Wideman is over, Dennis Wideman is back on ice.
9:46 of 1st period - Slapshot by Pavel Datsyuk.
9:46 of 1st period - Deflect By Nick Palmieri.
9:46 of 1st period - Stopped by Jonathan Bernier without a rebound.
9:47 of 1st period - David Legwand wins face-off versus Sidney Crosby in Canadiens zone.
9:56 of 1st period - Wrist shot by Patrick Sharp.
9:56 of 1st period - Shot Blocked by Maxim Afinogenov.
9:58 of 1st period - Wrist shot by Luke Schenn.
9:58 of 1st period - Shot Blocked by Maxim Kondratiev.
10:00 of 1st period - Slapshot by Dennis Wideman.
10:00 of 1st period - Shot Blocked by Maxim Kondratiev.
10:10 of 1st period - Dennis Wideman is hit by Erik Cole and loses puck.
10:33 of 1st period - Slapshot by Luke Schenn.
10:33 of 1st period - Stopped by Tyler Weiman without a rebound.
10:34 of 1st period - Jason Spezza wins face-off versus T.J. Hensick in Sharks zone.
10:47 of 1st period - Vitaly Vishnevsky is hit by Andrej Sekera.
11:06 of 1st period - Wrist shot by Sidney Crosby.
11:06 of 1st period - Deflect By Joe Pavelski.
11:06 of 1st period - Stopped by Tyler Weiman with a rebound.
11:08 of 1st period - Wrist shot by Patrick Sharp.
11:08 of 1st period - Shot Misses the Net.
11:20 of 1st period - Cal Clutterbuck is hit by Mark Giordano and loses puck.
12:05 of 1st period - Ted Purcell is hit by Jason Spezza and loses puck.
12:22 of 1st period - Snap shot by Ryane Clowe.
12:22 of 1st period - Shot Misses the Net.
13:21 of 1st period - Snap shot by Ted Purcell.
13:21 of 1st period - Shot Misses the Net.
13:23 of 1st period - Snap shot by Maxim Afinogenov.
13:23 of 1st period - Shot Misses the Net.
13:40 of 1st period - Slapshot by Pavel Datsyuk.
13:40 of 1st period - Shot Misses the Net.
13:42 of 1st period - Wrist shot by Mark Giordano.
13:42 of 1st period - Stopped by Jonathan Bernier with a rebound.
13:44 of 1st period - Snap shot by Pavel Datsyuk.
13:44 of 1st period - Deflect By Ryane Clowe.
13:44 of 1st period - Stopped by Jonathan Bernier without a rebound.
13:45 of 1st period - Pavel Datsyuk wins face-off versus Andrew Ebbett in Canadiens zone.
13:48 of 1st period - Wrist shot by Nick Palmieri.
13:48 of 1st period - Stopped by Jonathan Bernier with a rebound.
14:20 of 1st period - Snap shot by Patrick Sharp.
14:20 of 1st period - Shot Blocked by Maxim Afinogenov.
14:22 of 1st period - Slapshot by Adam Pardy.
14:22 of 1st period - Shot Blocked by Mark Giordano.
14:34 of 1st period - Dennis Wideman is hit by Mark Giordano and loses puck.
14:41 of 1st period - Maxim Kondratiev is hit by Luke Schenn and loses puck.
14:54 of 1st period - Maxim Kondratiev is hit by Luke Schenn and loses puck.
15:03 of 1st period - Snap shot by Dustin Boyd.
15:03 of 1st period - Deflect By Cal Clutterbuck.
15:03 of 1st period - Shot Misses the Net.
15:03 of 1st period - Puck is out of play.
15:04 of 1st period - David Legwand wins face-off versus Patrick Sharp in Sharks zone.
15:04 of 1st period - David Legwand is hit by Joe Pavelski.
15:18 of 1st period - Slapshot by Sidney Crosby.
15:18 of 1st period - Stopped by Tyler Weiman with a rebound.
15:20 of 1st period - Wrist shot by Joe Pavelski.
15:20 of 1st period - Stopped by Tyler Weiman with a rebound.
15:30 of 1st period - Greg Stewart is hit by Ryane Clowe and loses puck.
16:10 of 1st period - Off-side.
16:11 of 1st period - Frans Nielsen wins face-off versus Andrew Ebbett in neutral zone.
16:47 of 1st period - Slapshot by Joe Pavelski.
16:47 of 1st period - Stopped by Tyler Weiman without a rebound.
16:48 of 1st period - Ryane Clowe wins face-off versus Evgeny Dadonov in Sharks zone.
17:04 of 1st period - Off-side.
17:05 of 1st period - David Legwand wins face-off versus Sidney Crosby in neutral zone.
17:10 of 1st period - Slapshot by Sidney Crosby.
17:10 of 1st period - Shot Misses the Net.
17:18 of 1st period - Slapshot by Kevin Shattenkirk.
17:18 of 1st period - Shot Misses the Net.
17:20 of 1st period - Snap shot by Kevin Shattenkirk.
17:20 of 1st period - Stopped by Jonathan Bernier without a rebound.
17:21 of 1st period - Pavel Datsyuk wins face-off versus Jason Spezza in Canadiens zone.
17:28 of 1st period - Nick Palmieri is hit by Greg Stewart.
17:32 of 1st period - Slapshot by Kevin Shattenkirk.
17:32 of 1st period - Shot Blocked by Jason Spezza.
17:58 of 1st period - Wrist shot by David Legwand.
17:58 of 1st period - Shot Misses the Net.
18:16 of 1st period - Snap shot by Damien Brunner.
18:16 of 1st period - Stopped by Jonathan Bernier without a rebound.
18:17 of 1st period - Jason Spezza wins face-off versus Pavel Datsyuk in Canadiens zone.
18:17 of 1st period - Jason Spezza is hit by Nick Palmieri.
18:52 of 1st period - Snap shot by Joe Pavelski.
18:52 of 1st period - Shot Misses the Net.
18:54 of 1st period - Snap shot by Luke Schenn.
18:54 of 1st period - Stopped by Tyler Weiman without a rebound.
18:55 of 1st period - Pavel Datsyuk wins face-off versus Jason Spezza in Sharks zone.
19:21 of 1st period - Kevin Shattenkirk is hit by Cal Clutterbuck and loses puck.
19:28 of 1st period - Backhand shot by Nick Palmieri.
19:28 of 1st period - Shot Blocked by Adam Pardy.
19:30 of 1st period - Slapshot by Kevin Shattenkirk.
19:30 of 1st period - Shot Misses the Net.
19:32 of 1st period - Snap shot by Nick Palmieri.
19:32 of 1st period - Goal by Nick Palmieri - Canadiens : 0 - Sharks : 1.
19:33 of 1st period - David Legwand wins face-off versus Sidney Crosby in neutral zone.
19:35 of 1st period - Kevin Shattenkirk is hit by Joe Pavelski and loses puck.
19:42 of 1st period - Wrist shot by Joe Pavelski.
19:42 of 1st period - Stopped by Tyler Weiman with a rebound.
19:44 of 1st period - Slapshot by Patrick Sharp.
19:44 of 1st period - Shot Blocked by Ted Purcell.
19:46 of 1st period - Slapshot by Luke Schenn.
19:46 of 1st period - Stopped by Tyler Weiman without a rebound.
19:47 of 1st period - David Legwand wins face-off versus Patrick Sharp in Sharks zone.
19:49 of 1st period - Minor Penalty to David Legwand for Interference.
19:50 of 1st period - Sidney Crosby wins face-off versus Damien Brunner in Sharks zone.
19:53 of 1st period - Minor Penalty to Joe Pavelski for Hooking.
19:54 of 1st period - Pavel Datsyuk wins face-off versus Sidney Crosby in Canadiens zone.
Goals for this period are 0 for Canadiens vs 1 for Sharks.
Shots for this period are 9 for Canadiens vs 10 for Sharks.
2nd period
0:01 of 2nd period - Sidney Crosby wins face-off versus T.J. Hensick in neutral zone.
0:10 of 2nd period - Wrist shot by Evgeny Dadonov.
0:10 of 2nd period - Stopped by Tyler Weiman with a rebound.
0:12 of 2nd period - Wrist shot by Evgeny Dadonov.
0:12 of 2nd period - Shot Misses the Net.
0:46 of 2nd period - Snap shot by Jason Spezza.
0:46 of 2nd period - Stopped by Tyler Weiman without a rebound.
0:47 of 2nd period - T.J. Hensick wins face-off versus Sidney Crosby in Sharks zone.
1:49 of 2nd period - Penalty to David Legwand is over, David Legwand is back on ice.
1:53 of 2nd period - Penalty to Joe Pavelski is over, Joe Pavelski is back on ice.
1:58 of 2nd period - Slapshot by David Jones.
1:58 of 2nd period - Shot Misses the Net.
2:00 of 2nd period - Slapshot by Karl Alzner.
2:00 of 2nd period - Stopped by Tyler Weiman without a rebound.
2:01 of 2nd period - Andrew Ebbett wins face-off versus David Legwand in Sharks zone.
2:38 of 2nd period - Snap shot by Damien Brunner.
2:38 of 2nd period - Stopped by Jonathan Bernier without a rebound.
2:39 of 2nd period - Jason Spezza wins face-off versus Pavel Datsyuk in Canadiens zone.
3:06 of 2nd period - Wrist shot by David Legwand.
3:06 of 2nd period - Stopped by Jonathan Bernier with a rebound.
3:26 of 2nd period - Snap shot by Dustin Boyd.
3:26 of 2nd period - Shot Blocked by Frans Nielsen.
3:46 of 2nd period - T.J. Hensick is hit by Jason Spezza and loses puck.
4:30 of 2nd period - Wrist shot by Maxim Afinogenov.
4:30 of 2nd period - Stopped by Jonathan Bernier without a rebound.
4:31 of 2nd period - Ted Purcell wins face-off versus Jason Spezza in Canadiens zone.
4:42 of 2nd period - Snap shot by Maxim Afinogenov.
4:42 of 2nd period - Shot Misses the Net.
4:52 of 2nd period - Snap shot by David Legwand.
4:52 of 2nd period - Shot Misses the Net.
4:54 of 2nd period - Slapshot by Mark Stuart.
4:54 of 2nd period - Stopped by Jonathan Bernier with a rebound.
5:02 of 2nd period - Wrist shot by Ted Purcell.
5:02 of 2nd period - Deflect By Joe Pavelski.
5:02 of 2nd period - Shot Misses the Net.
5:02 of 2nd period - Puck is out of play.
5:03 of 2nd period - Jason Spezza wins face-off versus Pavel Datsyuk in Canadiens zone.
5:35 of 2nd period - Patrick Sharp is hit by Damien Brunner and loses puck.
5:50 of 2nd period - Wrist shot by Ted Purcell.
5:50 of 2nd period - Shot Misses the Net.
5:52 of 2nd period - Slapshot by Ted Purcell.
5:52 of 2nd period - Stopped by Jonathan Bernier with a rebound.
5:54 of 2nd period - Slapshot by Andrej Sekera.
5:54 of 2nd period - Deflect By David Legwand.
5:54 of 2nd period - Stopped by Jonathan Bernier with a rebound.
5:56 of 2nd period - Slapshot by Andrej Sekera.
5:56 of 2nd period - Shot Misses the Net.
5:58 of 2nd period - Wrist shot by Ted Purcell.
5:58 of 2nd period - Deflect By David Legwand.
5:58 of 2nd period - Stopped by Jonathan Bernier with a rebound.
6:00 of 2nd period - Snap shot by David Legwand.
6:00 of 2nd period - Stopped by Jonathan Bernier without a rebound.
6:01 of 2nd period - Jason Spezza wins face-off versus David Legwand in Canadiens zone.
6:26 of 2nd period - Patrick Sharp is hit by Kevin Shattenkirk and loses puck.
6:55 of 2nd period - Frans Nielsen is hit by Cal Clutterbuck and loses puck.
7:12 of 2nd period - Snap shot by Andrew Ebbett.
7:12 of 2nd period - Shot Blocked by Oskar Osala.
7:14 of 2nd period - Snap shot by Karl Alzner.
7:14 of 2nd period - Deflect By David Jones.
7:14 of 2nd period - Shot Misses the Net.
7:14 of 2nd period - Puck is out of play.
7:15 of 2nd period - David Legwand wins face-off versus Sidney Crosby in Sharks zone.
7:15 of 2nd period - David Legwand is hit by Luke Schenn.
7:21 of 2nd period - Slapshot by Ted Purcell.
7:21 of 2nd period - Stopped by Jonathan Bernier without a rebound.
7:22 of 2nd period - David Legwand wins face-off versus Sidney Crosby in Canadiens zone.
7:39 of 2nd period - Slapshot by Sidney Crosby.
7:39 of 2nd period - Shot Misses the Net.
7:41 of 2nd period - Slapshot by Dennis Wideman.
7:41 of 2nd period - Stopped by Tyler Weiman without a rebound.
7:42 of 2nd period - Pavel Datsyuk wins face-off versus Jason Spezza in Sharks zone.
7:42 of 2nd period - Pavel Datsyuk is hit by Greg Stewart.
8:17 of 2nd period - Wrist shot by Pavel Datsyuk.
8:17 of 2nd period - Shot Misses the Net.
8:53 of 2nd period - Slapshot by Greg Stewart.
8:53 of 2nd period - Shot Misses the Net.
9:23 of 2nd period - Maxim Kondratiev is hit by Karl Alzner and loses puck.
9:49 of 2nd period - Minor Penalty to Greg Stewart for Roughing.
9:50 of 2nd period - David Jones wins face-off versus David Legwand in Canadiens zone.
10:15 of 2nd period - Cal Clutterbuck is hit by Kevin Shattenkirk and loses puck.
10:38 of 2nd period - Wrist shot by Maxim Afinogenov.
10:38 of 2nd period - Stopped by Jonathan Bernier without a rebound.
10:39 of 2nd period - Patrick Sharp wins face-off versus David Legwand in Canadiens zone.
11:49 of 2nd period - Penalty to Greg Stewart is over, Greg Stewart is back on ice.
13:00 of 2nd period - Maxim Afinogenov is hit by Cal Clutterbuck and loses puck.
13:56 of 2nd period - Minor Penalty to Damien Brunner for Slashing.
13:57 of 2nd period - Sidney Crosby wins face-off versus David Legwand in Sharks zone.
14:22 of 2nd period - Kevin Shattenkirk is hit by Evgeny Dadonov and loses puck.
15:41 of 2nd period - Adam Pardy is hit by Maxim Afinogenov and loses puck.
15:56 of 2nd period - Penalty to Damien Brunner is over, Damien Brunner is back on ice.
15:58 of 2nd period - Pavel Datsyuk is hit by Sidney Crosby and loses puck.
16:06 of 2nd period - Icing by Maxim Kondratiev.
16:07 of 2nd period - Andrew Ebbett wins face-off versus Pavel Datsyuk in Sharks zone.
16:19 of 2nd period - Slapshot by Karl Alzner.
16:19 of 2nd period - Deflect By David Jones.
16:19 of 2nd period - Shot Misses the Net.
16:19 of 2nd period - Puck is out of play.
16:20 of 2nd period - David Legwand wins face-off versus Sidney Crosby in Sharks zone.
16:27 of 2nd period - Snap shot by Sidney Crosby.
16:27 of 2nd period - Goal by Sidney Crosby - Canadiens : 1 - Sharks : 1.
16:28 of 2nd period - David Legwand wins face-off versus Sidney Crosby in neutral zone.
16:31 of 2nd period - Wrist shot by David Legwand.
16:31 of 2nd period - Stopped by Jonathan Bernier with a rebound.
16:33 of 2nd period - Slapshot by David Legwand.
16:33 of 2nd period - Deflect By Dennis Wideman.
16:33 of 2nd period - Stopped by Jonathan Bernier with a rebound.
17:09 of 2nd period - Kevin Shattenkirk is hit by Wes O'Neill and loses puck.
17:26 of 2nd period - Kevin Shattenkirk is hit by Wes O'Neill and loses puck.
18:12 of 2nd period - Wrist shot by T.J. Hensick.
18:12 of 2nd period - Shot Misses the Net.
18:26 of 2nd period - Slapshot by Pavel Datsyuk.
18:26 of 2nd period - Shot Misses the Net.
18:28 of 2nd period - Wrist shot by Nick Palmieri.
18:28 of 2nd period - Stopped by Jonathan Bernier with a rebound.
18:36 of 2nd period - Jason Spezza is hit by Maxim Kondratiev.
18:37 of 2nd period - Jason Spezza from Canadiens is injured at 18:37 of 2nd period (Sprained Left Ankle).
18:38 of 2nd period - Sidney Crosby wins face-off versus David Legwand in Canadiens zone.
18:45 of 2nd period - Slapshot by Patrick Sharp.
18:45 of 2nd period - Stopped by Tyler Weiman without a rebound.
18:46 of 2nd period - David Legwand wins face-off versus Sidney Crosby in Sharks zone.
18:53 of 2nd period - Wrist shot by Sidney Crosby.
18:53 of 2nd period - Shot Misses the Net.
18:55 of 2nd period - Slapshot by Luke Schenn.
18:55 of 2nd period - Shot Blocked by David Legwand.
18:57 of 2nd period - Snap shot by Dennis Wideman.
18:57 of 2nd period - Stopped by Tyler Weiman without a rebound.
18:58 of 2nd period - David Legwand wins face-off versus Sidney Crosby in Sharks zone.
19:11 of 2nd period - Maxim Afinogenov is hit by Joe Pavelski and loses puck.
19:40 of 2nd period - Dennis Wideman is hit by Kevin Shattenkirk and loses puck.
Goals for this period are 1 for Canadiens vs 0 for Sharks.
Shots for this period are 7 for Canadiens vs 13 for Sharks.
3rd period
0:01 of 3rd period - Sidney Crosby wins face-off versus Maxim Afinogenov in neutral zone.
0:06 of 3rd period - Snap shot by Joe Pavelski.
0:06 of 3rd period - Stopped by Tyler Weiman with a rebound.
0:08 of 3rd period - Wrist shot by Sidney Crosby.
0:08 of 3rd period - Goal by Sidney Crosby - Canadiens : 2 - Sharks : 1.
0:09 of 3rd period - David Legwand wins face-off versus Sidney Crosby in neutral zone.
1:18 of 3rd period - Brett Maclean is hit by Kevin Shattenkirk and loses puck.
2:04 of 3rd period - Luke Schenn is hit by Pavel Datsyuk and loses puck.
2:37 of 3rd period - Slapshot by Chris Campoli.
2:37 of 3rd period - Shot Misses the Net.
4:07 of 3rd period - Wrist shot by Dustin Boyd.
4:07 of 3rd period - Shot Blocked by T.J. Hensick.
4:13 of 3rd period - Cal Clutterbuck is hit by Mark Stuart and loses puck.
4:21 of 3rd period - Icing by Dustin Boyd.
4:22 of 3rd period - David Legwand wins face-off versus Dustin Boyd in Canadiens zone.
4:35 of 3rd period - Snap shot by Maxim Afinogenov.
4:35 of 3rd period - Shot Misses the Net.
4:37 of 3rd period - Snap shot by Ted Purcell.
4:37 of 3rd period - Deflect By David Legwand.
4:37 of 3rd period - Shot Blocked by Brett Maclean.
4:37 of 3rd period - Puck is out of play.
4:38 of 3rd period - Pavel Datsyuk wins face-off versus Sidney Crosby in Canadiens zone.
4:45 of 3rd period - Wrist shot by Joe Pavelski.
4:45 of 3rd period - Deflect By Sidney Crosby.
4:45 of 3rd period - Stopped by Tyler Weiman with a rebound.
4:47 of 3rd period - Slapshot by Joe Pavelski.
4:47 of 3rd period - Stopped by Tyler Weiman without a rebound.
4:48 of 3rd period - Sidney Crosby wins face-off versus Pavel Datsyuk in Sharks zone.
4:49 of 3rd period - Wrist shot by Joe Pavelski.
4:49 of 3rd period - Stopped by Tyler Weiman with a rebound.
4:53 of 3rd period - Slapshot by Sidney Crosby.
4:53 of 3rd period - Stopped by Tyler Weiman without a rebound.
4:54 of 3rd period - David Legwand wins face-off versus Sidney Crosby in Sharks zone.
5:12 of 3rd period - Minor Penalty to Luke Schenn for Hooking.
5:13 of 3rd period - Patrick Sharp wins face-off versus Ted Purcell in Canadiens zone.
5:39 of 3rd period - Cal Clutterbuck is hit by Ryane Clowe and loses puck.
6:04 of 3rd period - Wrist shot by Ted Purcell.
6:04 of 3rd period - Stopped by Jonathan Bernier without a rebound.
6:05 of 3rd period - David Legwand wins face-off versus Andrew Ebbett in Canadiens zone.
6:35 of 3rd period - Slapshot by Andrej Sekera.
6:35 of 3rd period - Shot Misses the Net.
7:12 of 3rd period - Penalty to Luke Schenn is over, Luke Schenn is back on ice.
8:02 of 3rd period - Minor Penalty to Erik Cole for Hooking.
8:03 of 3rd period - David Legwand wins face-off versus Joe Pavelski in Sharks zone.
8:07 of 3rd period - Snap shot by Mark Stuart.
8:07 of 3rd period - Shot Blocked by Wes O'Neill.
9:20 of 3rd period - Maxim Kondratiev is hit by Greg Stewart and loses puck.
10:02 of 3rd period - Penalty to Erik Cole is over, Erik Cole is back on ice.
12:49 of 3rd period - Wrist shot by Oskar Osala.
12:49 of 3rd period - Stopped by Jonathan Bernier with a rebound.
12:51 of 3rd period - Snap shot by T.J. Hensick.
12:51 of 3rd period - Shot Misses the Net.
12:53 of 3rd period - Wrist shot by Oskar Osala.
12:53 of 3rd period - Stopped by Jonathan Bernier with a rebound.
12:55 of 3rd period - Wrist shot by Mark Stuart.
12:55 of 3rd period - Stopped by Jonathan Bernier with a rebound.
13:21 of 3rd period - Vitaly Vishnevsky is hit by Ted Purcell and loses puck.
13:32 of 3rd period - Greg Stewart is hit by Pavel Datsyuk and loses puck.
14:08 of 3rd period - Slapshot by Dennis Wideman.
14:08 of 3rd period - Stopped by Tyler Weiman with a rebound.
14:43 of 3rd period - Slapshot by Kevin Shattenkirk.
14:43 of 3rd period - Stopped by Jonathan Bernier with a rebound.
14:45 of 3rd period - Wrist shot by Kevin Shattenkirk.
14:45 of 3rd period - Shot Blocked by Joe Pavelski.
14:47 of 3rd period - Slapshot by Kevin Shattenkirk.
14:47 of 3rd period - Shot Blocked by Sidney Crosby.
14:49 of 3rd period - Snap shot by Maxim Kondratiev.
14:49 of 3rd period - Shot Blocked by Luke Schenn.
15:13 of 3rd period - Wes O'Neill is hit by Ted Purcell and loses puck.
15:39 of 3rd period - Joe Pavelski is hit by Pavel Datsyuk and loses puck.
15:45 of 3rd period - Icing by Joe Pavelski.
15:46 of 3rd period - Frans Nielsen wins face-off versus Andrew Ebbett in Canadiens zone.
16:34 of 3rd period - Erik Cole is hit by Karl Alzner and loses puck.
16:51 of 3rd period - Karl Alzner is hit by Mark Stuart and loses puck.
17:00 of 3rd period - Ryane Clowe is hit by Vitaly Vishnevsky and loses puck.
17:07 of 3rd period - Wrist shot by Cal Clutterbuck.
17:07 of 3rd period - Stopped by Tyler Weiman with a rebound.
17:30 of 3rd period - Snap shot by Brett Maclean.
17:30 of 3rd period - Stopped by Tyler Weiman without a rebound.
17:31 of 3rd period - Sidney Crosby wins face-off versus Frans Nielsen in Sharks zone.
18:19 of 3rd period - Adam Pardy is hit by Mark Giordano and loses puck.
18:55 of 3rd period - Ted Purcell is hit by Luke Schenn and loses puck.
19:18 of 3rd period - Mark Stuart is hit by Adam Pardy and loses puck.
19:23 of 3rd period - Snap shot by Joe Pavelski.
19:23 of 3rd period - Goal by Joe Pavelski - Canadiens : 3 - Sharks : 1.
19:24 of 3rd period - Sidney Crosby wins face-off versus Frans Nielsen in neutral zone.
19:36 of 3rd period - Off-side.
19:37 of 3rd period - Cal Clutterbuck wins face-off versus David Legwand in neutral zone.
19:40 of 3rd period - Snap shot by David Jones.
19:40 of 3rd period - Shot Misses the Net.
19:42 of 3rd period - Wrist shot by David Jones.
19:42 of 3rd period - Stopped by Tyler Weiman with a rebound.
19:44 of 3rd period - Wrist shot by David Jones.
19:44 of 3rd period - Stopped by Tyler Weiman without a rebound.
19:45 of 3rd period - Frans Nielsen wins face-off versus Dustin Boyd in Sharks zone.
19:51 of 3rd period - Kevin Shattenkirk is hit by Dennis Wideman and loses puck.
Goals for this period are 2 for Canadiens vs 0 for Sharks.
Shots for this period are 12 for Canadiens vs 5 for Sharks.
Back to the Top